 Dungeon Crawl Stone Soup version 0.30-a0-1114-gd936c97349 (console) character file.

Game seed: 1842465068278030122

1036 Banquo the Magician (level 8, -6/58 HPs)
             Began as a Djinni Ice Elementalist on Apr 21, 2023.
             Was an Initiate of Cheibriados.
             Mangled by a wyvern (17 damage)
             ... on level 7 of the Dungeon.
             The game lasted 00:21:46 (5078 turns).

Banquo the Magician (Djinni Ice Elementalist)       Turns: 5078, Time: 00:21:46

Health: -6/58      AC:  6    Str:  8    XL:     8   Next: 48%
Gold:   401        EV: 13    Int: 19    God:    Cheibriados [......] SH:  0 Dex: 16

rFire   + + +      SeeInvis .    d - +7 flail {drain, rF++}
rCold   . . .      Faith    .    (no shield)
rNeg    . . .      Spirit   .    p - +2 robe "Uduozo" {+Inv Regen+}
rPois   ∞          Reflect  .    (no helmet)
rElec   .          Rampage  .    l - +0 cloak
rCorr   .                        i - +0 pair of gloves
Will    +....                    (boots unavailable)
Stlth   ++                       n - amulet of the acrobat
HPRegen 1.09/turn                g - ring of ice
MPRegen 0.00/turn                h - ring of willpower

@: freezing walls, flying, very slightly contaminated, very slow
A: sickness immunity, fire resistance 2, cold vulnerability 1, float, innate
caster, HP casting, extra vitality 1
a: Renounce Religion, Evoke Invisibility


You were on level 7 of the Dungeon.
You worshipped Cheibriados.
Cheibriados was noncommittal.
You visited 2 branches of the dungeon, and saw 8 of its levels.

You collected 401 gold pieces.

Inventory:

Hand Weapons
 a - a +2 rapier of venom
 b - a +2 flail of holy wrath
 d - the +7 flail of the Illusory Ghosts (weapon) {drain, rF++}
   (You found it on level 6 of the Dungeon)

   rF:        It greatly protects you from fire.
 m - a +1 vampiric whip
 u - a +2 whip of flaming
Armour
 i - a +0 pair of gloves (worn)
 l - a +0 cloak (worn)
 p - the +2 robe "Uduozo" (worn) {+Inv Regen+}
   (You found it on level 6 of the Dungeon)

   +Inv:      It lets you turn invisible.
   Regen:     It increases your rate of health regeneration.
 w - a +0 robe
Magical Staves
 j - a staff of fire
 y - a staff of air
Jewellery
 g - a ring of ice (left hand)
 h - a ring of willpower (right hand)
 n - an amulet of the acrobat (around neck)
 C - an amulet of reflection
Wands
 e - a wand of polymorph (13)
Scrolls
 k - 4 scrolls of teleportation {unknown}
 x - a scroll of immolation
Potions
 c - a potion of might {unknown}
 f - a potion of invisibility
 o - 2 potions of ambrosia
 s - 5 potions of curing {unknown}
 z - a potion of lignification
 A - 3 potions of heal wounds {unknown}
 B - 2 potions of cancellation {unknown}
 D - a potion of brilliance {unknown}
 F - 3 potions of haste {unknown}


   Skills:
 * Level 4.0 Fighting
 * Level 3.0 Dodging
 - Level 1.5 Stealth
 + Level 7.0 Spellcasting


You knew the following spells:

 Your Spells              Type           Power      Damage    Failure   Level
a - Freeze                Ice            100%       1d10      1%          1
b - Static Discharge      Conj/Air       66%        2-5/arc   1%          2
e - Beastly Appendage     Tmut           66%        N/A       1%          1
g - Summon Guardian Gole  Hex/Summ       33%        N/A       1%          3
o - Ozocubu's Armour      Ice            50%        N/A       1%          3
r - Frozen Ramparts       Ice            100%       1d16      1%          3
Y - Summon Ice Beast      Ice/Summ       50%        N/A       5%          4
Your spell library was empty.

Dungeon Overview and Level Annotations

Branches:
Dungeon (7/15)             Temple (1/1) D:5

Altars:
Ashenzari
Cheibriados
Dithmenos
Elyvilon
Fedhas
Hepliaklqana
Makhleb
Nemelex Xobeh
Ru
Trog
Wu Jian
Xom
Yredelemnul
Zin
The Shining One

Annotations:
D:4 3 runed translucent doors, Kiciri's ghost, novice DsGl


Innate Abilities, Weirdness & Mutations

You are immune to sickness and miasma.
You are immune to poison.
Your flesh is very heat resistant. (rF++)
You are vulnerable to cold. (rC-)
You float through the air rather than walking.
You learn spells naturally, not from books.
Your magical power is your life essence.
You have superior vitality. (+4 MHP)


Message History

Casting: Freeze (safe; 1% risk of failure)
Confirm with . or Enter, or press ? or * to list all spells.
Aiming: Freeze (safe; 1% risk of failure)
Press: ? - help, Shift-Dir - straight line, f - wyvern
Aim: a wyvern You feel a surge of power!
You freeze the wyvern.
The wyvern is moderately wounded.
The orc shouts!
The wyvern bites you!
An orc priest comes into view. It is wielding a +0 club.
Casting: Freeze (safe; 1% risk of failure)
Confirm with . or Enter, or press ? or * to list all spells.
Aiming: Freeze (safe; 1% risk of failure)
Press: ? - help, Shift-Dir - straight line, f/p - wyvern
Aim: a wyvern (moderately wounded)
You feel a surge of power!
You miscast Freeze.
You are very lightly contaminated with residual magic.
Nothing appears to happen.
The orc priest shouts!
The wyvern closely misses you. The wyvern bites you!
Casting: Freeze (safe; 1% risk of failure)
Confirm with . or Enter, or press ? or * to list all spells.
Aiming: Freeze (safe; 1% risk of failure)
Press: ? - help, Shift-Dir - straight line, f/p - wyvern
Aim: a wyvern (moderately wounded)
You feel a surge of power!
You freeze the wyvern.
The wyvern is moderately wounded.
The wyvern bites you!
An orc comes into view. It is wielding a +0 mace.
Casting: Freeze (safe; 1% risk of failure)
Confirm with . or Enter, or press ? or * to list all spells.
Casting: Frozen Ramparts (safe; 1% risk of failure)
Press: ? - help, Dir - look around, f - activate You feel a surge of power!
The walls around you are covered in ice.
The orc shouts!
The wyvern bites you!
* * * LOW HITPOINT WARNING * * *
The wyvern bites you!
You die...

#. ... . #.
#.o......# #.##.##
#........# .......
.........#
.......##o.......#
........o........#
........#........#
......l@#......!.#
......[.=.<......#
.##...##.........#
#### #.........#
###########


You could see a wyvern and 3 orcs.

Vanquished Creatures
  A water moccasin (D:6)
  An ice beast (D:5)
  3 phantoms
  A bullfrog (D:6)
  A killer bee (D:6)
  2 howler monkeys
  A hound (D:4)
  3 orc priests
  A sleepcap (D:4)
  An iguana (D:5)
  2 orc wizards (D:6)
  6 adders
  6 gnolls
  A white imp (D:6)
  2 worms
  2 dart slugs
  9 orcs
  7 ball pythons
  3 endoplasms
  A giant cockroach (D:3)
  4 hobgoblins
  8 jackals
  4 quokkas
  8 bats
  5 frilled lizards
  10 goblins
  8 kobolds
  5 rats
106 creatures vanquished.

Vanquished Creatures (others)
  2 fungi (D:4)
  2 plants (D:4)
4 creatures vanquished.

Grand Total: 110 creatures vanquished

Notes
Turn   | Place    | Note
-------+----------+-------------------------------------------
     0 | D:1      | Banquo the Djinni Ice Elementalist began the quest for the
                  | Orb.
     0 | D:1      | Banquo set off with the following spells memorised: Freeze,
                  | Frozen Ramparts, Ozocubu's Armour, Summon Ice Beast.
     0 | D:1      | Reached XP level 1. HP: 15/15 MP: 0/0
   110 | D:1      | Reached XP level 2. HP: 16/22 MP: 0/0
   495 | D:1      | Reached XP level 3. HP: 25/26 MP: 0/0
   495 | D:1      | Learned a level 1 spell: Beastly Appendage
   626 | D:2      | Reached skill level 1 in Fighting
   668 | D:2      | Found a faded altar of an unknown god.
   722 | D:2      | Reached skill level 4 in Spellcasting
   745 | D:2      | Reached XP level 4. HP: 28/32 MP: 0/0
  1329 | D:3      | Reached XP level 5. HP: 8/37 MP: 0/0
  1329 | D:3      | Learned a level 2 spell: Static Discharge
  1670 | D:3      | Found a basalt altar of Yredelemnul.
  1805 | D:3      | Found a white marble altar of Elyvilon.
  2347 | D:4      | Found a runed translucent gate.
  2348 | D:4      | Found a runed translucent gate.
  2359 | D:4      | Found a runed translucent gate.
  2456 | D:4      | Noticed a phantom
  2537 | D:3      | Reached XP level 6. HP: 34/43 MP: 0/0
  2644 | D:4      | Noticed Kiciri's ghost (novice DsGl)
  2650 | D:4      | Reached skill level 5 in Spellcasting
  2975 | D:4      | Reached XP level 7. HP: 49/49 MP: 0/0
  2975 | D:4      | Learned a level 3 spell: Summon Guardian Golem
  3217 | D:5      | Entered Level 5 of the Dungeon
  3490 | D:5      | Reached skill level 6 in Spellcasting
  3759 | D:5      | Found a staircase to the Ecumenical Temple.
  3768 | Temple   | Entered the Ecumenical Temple
  3820 | Temple   | Became a worshipper of Cheibriados the Contemplative
  4275 | D:6      | Noticed a water moccasin
  4280 | D:6      | Killed a water moccasin
  4281 | D:6      | Reached XP level 8. HP: 54/56 MP: 0/0
  4464 | D:6      | Identified the +7 flail of the Illusory Ghosts {drain,
                  | rF++}
  4686 | D:6      | Identified the +2 robe "Uduozo" {+Inv Regen+}
  4748 | D:6      | Reached skill level 7 in Spellcasting
  4850 | D:6      | Found a sparkling altar of Nemelex Xobeh.
  5071 | D:7      | Noticed a wyvern
  5078 | D:7      | Mangled by a wyvern

Illustrated notes

Levels and vault maps discovered:
D:1:      lightli_iron_boxes, layout_rooms
D:2:      layout_rooms, shapermc_ecumenical_altar_mp_highgroup,
          hangedman_decor_growths
D:3:      layout_basic, mainiacjoe_overflow_catwalk, elyvilon_altar_1
D:4:      layout_cave_pools, gammafunk_ghost_nasty_kobolds
D:5:      nicolae_cairo_tiling_large, layout_rooms,
          minmay_temple_entry_nine_rooms
D:6:      layout_basic, lemuel_doored_altar
D:7:      kennysheep_slugbush, layout_rooms, uniq_menkaure, uniq_pikel
Temple:   eino_wide_crystal_templ

Skill      XL: |  1  2  3  4  5  6  7  8 |
---------------+-------------------------+-----
Fighting       | 1 2 3 4 |  4.0
Spellcasting   | 4 5 6 7 |  7.0
Dodging        | 3 |  3.0
Stealth        | |  1.5

Action                     |  1- 3 |  4- 6 |  7- 9 || total
---------------------------+-------+-------+-------++-------
  Melee: Rapier            |       |    17 |    55 ||    72
         Whip              |       |     1 |    10 ||    11
         Punch             |       |     1 |     2 ||     3
         Flail             |       |    16 |     6 ||    22
   Cast: Freeze            |    50 |    54 |     3 ||   107
         Frozen Ramparts   |       |     6 |     9 ||    15
         Ozocubu's Armour  |       |     2 |     4 ||     6
    Use: Scroll            |       |     5 |     9 ||    14
   Stab: Sleeping          |       |       |     1 ||     1
 Armour: Robe              |     7 |    16 |    21 ||    44
  Dodge: Dodged            |    21 |    58 |    56 ||   135

Table legend: (Time is in decaauts)
 A = Elapsed time spent in this place.
 B = Non-inter-level travel time spent in this place.
 C = Inter-level travel time spent in this place.
 D = Time resting spent in this place.
 E = Time spent auto-exploring this place.
 F = Levels seen in this place.
 G = Mean time per level.
                   A        B        C        D        E       F      G
               +--------+--------+--------+--------+--------+-----+--------+
         Total |   5393 |   4863 |    530 |    405 |   3233 |   8 |  674.1 |
       Dungeon |   5322 |   4816 |    506 |    405 |   3200 |   7 |  760.3 |
        Temple |     71 |     47 |     24 |      0 |     33 |   1 |   71.0 |
               +--------+--------+--------+--------+--------+-----+--------+

Top non-repeatable levels by time:
     D:6: 1161 daAuts
     D:3: 1130 daAuts
     D:5: 885 daAuts
     D:4: 820 daAuts
     D:2: 696 daAuts
     D:1: 617 daAuts
  Temple: 71 daAuts
     D:7: 11 daAuts
